 Dungeon Crawl Stone Soup version 0.26-a0-812-g31a745ddcd (webtiles) character file.

Game seed: 14380023614055362716

301 Dracia the Conjurer (level 6, -11/45 HPs)
             Began as a Draconian Conjurer on Dec 7, 2020.
             Killed from afar by Blork the orc (13 damage)
             ... with a puff of frost
             ... on level 4 of the Dungeon.
             The game lasted 00:04:03 (4343 turns).

Dracia the Conjurer (Draconian Conjurer)            Turns: 4343, Time: 00:04:04

Health: -11/45     AC:  7    Str: 10    XL:     6   Next: 14%
Magic:  4/11       EV: 12    Int: 20    God:
Gold:   255        SH:  0    Dex:  9    Spells: 6/12 levels left

rFire    + . .     SeeInvis .   k - +2 dagger (venom)
rCold    x . .     Faith    .   (no shield)
rNeg     . . .     Spirit   .   (armour unavailable)
rPois    .         Reflect  .   (helmet restricted)
rElec    .         Harm     .   (no cloak)
rCorr    .         Rampage  .   (no gloves)
MR       .....                  q - +0 pair of boots
Stlth    ++........             (no amulet)
HPRegen  0.15/turn              F - ring of fire
MPRegen  0.12/turn              (no ring)

@: no status effects
A: unfitting armour, cold-blooded, AC +6
a: no special abilities


You were on level 4 of the Dungeon.
You visited 1 branch of the dungeon, and saw 4 of its levels.

You collected 255 gold pieces.


Innate Abilities, Weirdness & Mutations

Your plain brown scales are hard. (AC +6)
You cannot fit into any form of body armour.
You are cold-blooded and may be slowed by cold attacks.


   Skills:
 - Level 1.7 Dodging
 - Level 1.7 Stealth
 + Level 3.7 Spellcasting
 * Level 6.5 Conjurations


You had 6 spell levels left.
You knew the following spells:

 Your Spells              Type           Power        Failure   Level
d - Dazzling Flash        Conj/Hex       ###...       11%         3
s - Searing Ray           Conj           ####..       1%          2
z - Magic Dart            Conj           ####         1%          1

Your spell library contained the following spells:

 Spells                   Type           Power        Failure   Level
 Fulminant Prism          Conj/Hex       ###.......   34%         4
 Iskenderun's Mystic Bla  Conj/Tloc      ###.....     34%         4

Inventory:

Hand Weapons
 i - a +0 dagger
 k - a +2 dagger of venom (weapon)
Missiles
 r - 32 poisoned darts (quivered)
Armour
 q - a +0 pair of boots (worn)
Jewellery
 F - a ring of fire (left hand)
Wands
 s - a wand of paralysis (8)
Scrolls
 a - 2 scrolls of immolation {unknown}
 c - 2 scrolls of identify {unknown}
 d - 3 scrolls of fear {unknown}
 f - 4 scrolls of teleportation {unknown}
 g - a scroll of remove curse {unknown}
 j - 3 scrolls of noise {unknown}
 n - 2 scrolls of enchant armour {unknown}
Potions
 b - 3 potions of heal wounds {unknown}
 e - 3 potions of curing {unknown}
 h - 2 potions of lignification {unknown}
 l - a potion of ambrosia {unknown}
 m - a potion of might {unknown}
 o - a potion of flight {unknown}
 p - a potion of mutation {unknown}

Dungeon Overview and Level Annotations

Branches:
Dungeon (4/15)
 Temple: D:4-7

Altars:
Ashenzari
Nemelex Xobeh
Okawaru
Trog
Wu Jian

Annotations:
D:4 Blork the orc

#.# ....# #.#
##...# ##.#
###....# #..##
#......# #...#
......## ##...#
.......###....##
#...........#
##@..........#
##............#
##....#<.......#
##o..####...#.>.#
#...## #..###..#
.........## #..#
..# ........##
#..# .)#
........# ..#
........#


You could see Blork the orc (poisoned).


Message History

Aim: Blork the orc, wielding a +6 dire flail of protection and wearing a +0 robe (lightly wounded)
The magic dart hits Blork the orc but does no damage.
Blork the orc is lightly wounded.
Casting: Magic Dart (safe; 1% risk of failure)
Confirm with . or Enter, or press ? or * to list all spells.
Aiming: Magic Dart (safe; 1% risk of failure)
Press: ? - help, Shift-Dir - straight line, f/p - Blork the orc
Aim: Blork the orc, wielding a +6 dire flail of protection and wearing a +0 robe (lightly wounded)
The magic dart hits Blork the orc but does no damage.
Blork the orc is lightly wounded.
Blork the orc barely misses you.
You hit Blork the orc.
Blork the orc is poisoned.
Blork the orc is moderately wounded.
You closely miss Blork the orc.
Blork the orc is moderately wounded.
Blork the orc hits you with a +6 dire flail of protection!!
* * * LOW HITPOINT WARNING * * *
Unknown command.
You barely miss Blork the orc.
Blork the orc is moderately wounded.
Blork the orc hits you with a +6 dire flail of protection!
* * * LOW HITPOINT WARNING * * *
Unknown command.
Blork the orc screams, "I'll break your arms!"
Blork the orc casts a spell at you. The puff of frost hits you.
You feel a terrible chill!
* * * LOW HITPOINT WARNING * * *
Blork the orc points at you and mumbles some strange words.
The puff of frost hits you!
You feel a terrible chill!
You die...

Skill      XL: |  1  2  3  4  5 |
---------------+----------------+-----
Conjurations   | 5 6 |  6.5
Spellcasting   | 3 |  3.7
Dodging        | |  1.7
Stealth        | |  1.7

Action                   |  1- 3 |  4- 6 || total
-------------------------+-------+-------++-------
Melee: Unarmed           |    21 |       ||    21
       Tailslap          |     1 |     5 ||     6
       Dagger            |    30 |    79 ||   109
 Cast: Magic Dart        |    58 |    57 ||   115
 Stab: Sleeping          |       |     4 ||     4
Armor: Skin              |    20 |    12 ||    32
Dodge: Dodged            |    37 |    58 ||    95

Levels and vault maps discovered:
D:1:      mainiacjoe_arrival_reflecting_pool, layout_basic
D:2:      layout_rooms, bloody_trog, kennysheep_generic_room_6, uniq_jessica
D:3:      layout_basic, cheibrodos_ashenzari_chains,
          chequers_temple_overflow_minitemple, uniq_terence
D:4:      layout_layer_cave, uniq_blork_the_orc

Notes
Turn   | Place    | Note
-------+----------+-------------------------------------------
     0 | D:1      | Dracia the Draconian Conjurer began the quest for the Orb.
     0 | D:1      | Reached XP level 1. HP: 14/14 MP: 3/3
   313 | D:1      | Reached XP level 2. HP: 20/20 MP: 1/5
  1507 | D:1      | Reached XP level 3. HP: 23/26 MP: 6/6
  1999 | D:2      | Noticed Jessica
  2007 | D:2      | Killed Jessica
  2007 | D:2      | Reached skill level 5 in Conjurations
  2007 | D:2      | Reached XP level 4. HP: 32/33 MP: 5/8
  2146 | D:2      | Found a bloodstained altar of Trog.
  2389 | D:2      | Reached skill level 3 in Spellcasting
  2442 | D:2      | Learned a level 2 spell: Searing Ray
  2446 | D:2      | Learned a level 3 spell: Dazzling Flash
  2789 | D:3      | Found a broken altar of Ashenzari.
  2825 | D:3      | Reached XP level 5. HP: 35/38 MP: 2/9
  2905 | D:3      | Noticed Terence
  2912 | D:3      | Killed Terence
  2912 | D:3      | Reached skill level 6 in Conjurations
  3676 | D:3      | Found a faded altar of an unknown god.
  3676 | D:3      | Found an iron altar of Okawaru.
  3681 | D:3      | Found a sparkling altar of Nemelex Xobeh.
  3683 | D:3      | Found an ornate altar of the Wu Jian Council.
  3685 | D:3      | Found a faded altar of an unknown god.
  3997 | D:3      | Reached XP level 6. HP: 37/45 MP: 11/11
  4328 | D:4      | Noticed Blork the orc
  4341 | D:4      | HP: 1/45 [Blork the orc/puff of frost (4)]
  4343 | D:4      | Killed from afar by Blork the orc

Vanquished Creatures
  A bullfrog skeleton (D:3)
  A hound (D:3)
  An orc priest (D:4)
  Jessica (D:2)
  Terence (D:3)
  An orc wizard (D:3)
  5 adders
  A white imp (D:3)
  An ooze (D:3)
  2 worms
  2 dart slugs
  A leopard gecko (D:1)
  3 orcs (D:3)
  A giant cockroach (D:3)
  8 goblins
  12 hobgoblins
  3 quokkas
  A ball python (D:1)
  7 bats
  4 frilled lizards
  7 kobolds
  6 rats
70 creatures vanquished.

Table legend: (Time is in decaauts)
 A = Elapsed time spent in this place.
 B = Non-inter-level travel time spent in this place.
 C = Inter-level travel time spent in this place.
 D = Time resting spent in this place.
 E = Time spent auto-exploring this place.
 F = Levels seen in this place.
 G = Mean time per level.
                   A        B        C        D        E       F      G
               +--------+--------+--------+--------+--------+-----+--------+
         Total |   4344 |   4251 |     93 |    888 |   2905 |   4 | 1086.0 |
       Dungeon |   4344 |   4251 |     93 |    888 |   2905 |   4 | 1086.0 |
               +--------+--------+--------+--------+--------+-----+--------+

Top non-repeatable levels by time:
     D:1: 1777 daAuts
     D:3: 1444 daAuts
     D:2: 817 daAuts
     D:4: 305 daAuts

Table legend:
 A = Non-vault XP
 B = Vault XP
 C = Vault XP percentage of total XP
 D = Non-vault monster count
 E = Vault monster count
 F = Vault count percentage of total count
                 A         B        C        D         E       F
            +---------+---------+-------+---------+---------+-------
      Total |     353 |      77 |  17.9 |      67 |       3 |   4.3
            +---------+---------+-------+---------+---------+-------
        D:1 |      42 |       0 |   0.0 |      24 |       0 |   0.0
        D:2 |      84 |      41 |  32.8 |      21 |       2 |   8.7
        D:3 |     184 |      36 |  16.4 |      21 |       1 |   4.5
        D:4 |      43 |       0 |   0.0 |       1 |       0 |   0.0
            +---------+---------+-------+---------+---------+-------
